 Dungeon Crawl Stone Soup version 0.23.1-37-gaa34b87 (webtiles) character file.

Game seed: 4314021463531716068

4974 kae the Martial Artist (level 10, -1/80 HPs)
             Began as a Demonspawn Skald on Mar 22, 2019.
             Was a Follower of Wu Jian.
             Slain by Joseph
             ... wielding a +2 quarterstaff of protection
              (15 damage)
             ... on level 9 of the Dungeon.
             The game lasted 00:20:21 (14255 turns).

kae the Martial Artist (Demonspawn Skald)          Turns: 14255, Time: 00:20:22

Health: -1/80      AC:  7    Str: 12    XL:     10   Next: 29%
Magic:  13/13      EV: 12    Int: 14    God:    Wu Jian [*.....]
Gold:   516        SH:  0    Dex: 16    Spells: 3/13 levels left

rFire    . . .     SeeInvis .     - Unarmed
rCold    + . .     Gourm    .   (no shield)
rNeg     . . .     Faith    .   a - +1 leather armour
rPois    .         Spirit   .   (no helmet)
rElec    .         Reflect  .   (no cloak)
rCorr    .         Harm     .   (no gloves)
MR       .....                  (no boots)
Stlth    +++.......             x - amulet of magic regeneration
HPRegen  0.23/turn              o - ring of protection from cold
MPRegen  0.38/turn              (no ring)

@: lightly drained
A: talons 1, thin metallic scales 2, nightstalker 2
a: Renounce Religion


You were on level 9 of the Dungeon.
You worshipped Wu Jian.
Wu Jian was aware of your devotion.
You were not hungry.

You visited 2 branches of the dungeon, and saw 10 of its levels.
You also visited: Sewer and Ossuary.

You collected 516 gold pieces.

Inventory:

Armour
 a - a +1 leather armour (worn)
Jewellery
 o - a ring of protection from cold (left hand)
 w - an uncursed ring of ice
 x - an amulet of magic regeneration (around neck)
Wands
 d - a wand of digging (4)
 k - a wand of acid (9)
 n - a wand of enslavement (3)
Scrolls
 b - 8 scrolls of remove curse
 h - 4 scrolls of amnesia
 j - 3 scrolls of enchant armour
 l - a scroll of noise
 m - 2 scrolls of blinking
 t - a scroll of enchant weapon
 u - a scroll of magic mapping
 A - a scroll of fog
 C - a scroll of teleportation
Potions
 e - 2 potions of berserk rage
 f - 2 potions of curing
 g - a potion of invisibility
 i - 2 potions of ambrosia
 p - a potion of brilliance
 q - 2 potions of magic {unknown}
 r - a potion of mutation {unknown}
 s - 3 potions of flight
 v - 2 potions of degeneration {unknown}
 D - 2 potions of heal wounds {unknown}
Comestibles
 c - 15 rations


   Skills:
 + Level 7.9(7.6) Fighting
 - Level 0.8(0.6) Armour
 - Level 1.7(1.5) Dodging
 * Level 10.0(9.7) Unarmed Combat
 - Level 2.0(1.7) Spellcasting
 + Level 7.5(7.2) Charms


You had 3 spell levels left.
You knew the following spells:

 Your Spells              Type           Power        Failure   Level  Hunger
a - Infusion              Chrm           ###.         1%          1    ##.....
b - Song of Slaying       Chrm           ###.....     2%          2    ###....
c - Shroud of Golubria    Chrm/Tloc      ##........   11%         2    ###....
d - Spectral Weapon       Hex/Chrm       ##......     22%         3    ####...
e - Ensorcelled Hibernat  Hex/Ice        #.....       43%         2    ###....

Your spell library contained the following spells:

 Spells                   Type           Power        Failure   Level  Hunger
 Regeneration             Chrm/Necr      ##........   22%         3    ####...
 Corona                   Hex            #......      30%         1    ##.....
 Slow                     Hex            #.......     43%         2    ###....
 Confuse                  Hex            #.......     67%         3    ####...
 Dazzling Spray           Conj/Hex       #.....       67%         3    ####...
 Inner Flame              Hex/Fire       #.......     67%         3    ####...
 Portal Projectile        Hex/Tloc       #.....       67%         3    ####...
 Tukima's Dance           Hex            #.......     67%         3    ####...
 Cause Fear               Hex            #.........   97%         4    #####..
 Leda's Liquefaction      Hex/Erth       #.........   97%         4    #####..


Dungeon Overview and Level Annotations

Branches:
Dungeon (9/15)             Temple (1/1) D:5            Lair (0/6) D:9
    Orc (0/2) D:9

Altars:
Ashenzari
Cheibriados
Dithmenos
Elyvilon
Fedhas
Gozag
Hepliaklqana
Kikubaaqudgha
Makhleb
Nemelex Xobeh
Okawaru
Qazlal
Ru
Sif Muna
Trog
Uskayaw
Vehumet
Wu Jian
Xom
Yredelemnul
Zin
The Shining One

Shops:
D:6 :

Annotations:
D:5 Eustachio
D:7 exclusion: troll
D:8 2 runed translucent doors, vishdafish's ghost, novice DsFi
D:9 Joseph


Innate Abilities, Weirdness & Mutations

You have sharp toenails.
You are mostly covered in thin metallic scales. (AC +3)
You are significantly more attuned to the shadows.


Message History

You spin and attack Joseph.
You punch Joseph!
Joseph is moderately wounded.
Joseph hits you with a +2 quarterstaff of protection!
You closely miss Joseph. Your kick misses Joseph.
Joseph is moderately wounded.
Joseph hits you with a +2 quarterstaff of protection!
You punch Joseph! You claw Joseph, but do no damage.
Joseph is heavily wounded.
Joseph says, "I'm here to kill trespassers.
I like my job."
Joseph hits you with a +2 quarterstaff of protection.
You punch Joseph!
Joseph is almost dead.
You hit Joseph but do no damage. Your kick misses Joseph.
Joseph is almost dead.
Joseph hits you with a +2 quarterstaff of protection!
* * * LOW HITPOINT WARNING * * *
You barely miss Joseph. You claw Joseph, but do no damage.
Joseph is almost dead.
Joseph hits you with a +2 quarterstaff of protection!
You die...

...........# #..#
...........# #..#
.........>.# #..#
...........# #..#
...........######..#
###......(..(.)....#
#................#
#.............@..#
#.............@..#
#..####..........# #.#
#..# #..........# #.#
#..# #..........#
#.######### #..#
#..........# #..........
#..# #..........#
#.......... #..#
#........>.####..........
#..#
#.............>..########
#..# #................#


You could see Joseph.

Vanquished Creatures
  2 hippogriffs (D:7)
  A spriggan (D:7)
  3 yaks (D:9)
  The ghost of Paps the Ducker, an amateur OpFi of Gozag (D:4)
  2 orc warriors (D:7)
  2 phantoms
  3 ice beasts
  2 sky beasts
  3 ogres
  A necrophage (D:5)
  4 centaurs
  2 big kobolds (D:7)
  Blork the orc (D:4)
  7 bullfrogs
  A water moccasin zombie (Ossuary)
  2 scorpions (D:8)
  8 wights
  4 crimson imps
  6 hounds
  A jelly (D:8)
  5 orc priests
  6 orc wizards
  A bullfrog skeleton (D:8)
  6 worker ants
  2 iguanas
  3 big kobold zombies (Ossuary)
  A hound skeleton (D:7)
  2 mummies (Ossuary)
  A howler monkey zombie (D:8)
  Robin (D:2)
  10 adders
  6 adder zombies
  7 oozes (Sewer)
  5 worms
  17 leopard geckos
  23 orcs
  8 ball pythons (Sewer)
  15 giant cockroaches
  5 gnoll zombies (Ossuary)
  13 goblins
  7 hobgoblins
  5 jackals
  2 quokkas (D:6)
  9 bats
  11 frilled lizards
  2 goblin zombies (D:5)
  7 hobgoblin zombies (Ossuary)
  A jackal skeleton (D:4)
  14 kobolds
  6 kobold zombies (Ossuary)
  A leopard gecko zombie (D:8)
  4 orc zombies (Ossuary)
  A quokka skeleton (D:7)
  A quokka zombie (D:5)
  7 rats
271 creatures vanquished.

Vanquished Creatures (others)
  An orc wizard (D:5)
1 creature vanquished.

Grand Total: 272 creatures vanquished

Notes
Turn   | Place    | Note
-------+----------+-------------------------------------------
     0 | D:1      | kae the Demonspawn Skald began the quest for the Orb.
     0 | D:1      | Reached XP level 1. HP: 16/16 MP: 3/3
   312 | D:1      | Reached skill level 2 in Unarmed Combat
   403 | D:1      | Gained mutation: You are slightly more attuned to the
                  | shadows. [demonic ancestry]
   403 | D:1      | Reached XP level 2. HP: 12/22 MP: 0/5
  1509 | D:2      | Noticed Robin
  1518 | D:2      | Gained mutation: You are significantly more attuned to the
                  | shadows. [demonic ancestry]
  1518 | D:2      | Reached XP level 3. HP: 7/28 MP: 1/6
  1856 | D:1      | Reached skill level 3 in Unarmed Combat
  2195 | D:2      | Reached XP level 4. HP: 31/34 MP: 5/7
  2200 | D:2      | Killed Robin
  3415 | D:3      | Gained mutation: You are partially covered in thin metallic
                  | scales. (AC +2) [demonic ancestry]
  3415 | D:3      | Reached XP level 5. HP: 35/41 MP: 3/8
  3465 | D:3      | Found a glowing drain.
  3556 | Sewer    | Entered a sewer
  3611 | Sewer    | Reached skill level 4 in Unarmed Combat
  4110 | Sewer    | Reached XP level 6. HP: 40/47 MP: 9/9
  5042 | D:4      | Noticed Blork the orc
  5060 | D:4      | Killed Blork the orc
  5060 | D:4      | Reached skill level 5 in Unarmed Combat
  5060 | D:4      | Reached XP level 7. HP: 42/54 MP: 1/10
  5075 | D:4      | Found a glowing golden altar of the Shining One.
  5405 | D:4      | Found a runed translucent gate.
  5405 | D:4      | Found a runed translucent gate.
  5406 | D:4      | Found a runed translucent gate.
  5408 | D:4      | Noticed Paps's ghost (amateur OpFi)
  5692 | D:4      | Learned a level 2 spell: Song of Slaying
  5695 | D:4      | Learned a level 2 spell: Shroud of Golubria
  5699 | D:4      | Learned a level 3 spell: Spectral Weapon
  5710 | D:4      | Killed Paps's ghost
  5741 | D:5      | Entered Level 5 of the Dungeon
  5932 | D:5      | Found a sand-covered staircase.
  6002 | Ossuary  | Entered an ossuary
  6261 | Ossuary  | Reached skill level 6 in Unarmed Combat
  6676 | D:5      | Noticed Eustachio
  6702 | D:5      | Reached skill level 5 in Fighting
  6702 | D:5      | Reached skill level 5 in Charms
  6702 | D:5      | Reached XP level 8. HP: 43/62 MP: 7/11
  7147 | D:5      | Found a staircase to the Ecumenical Temple.
  7233 | Temple   | Entered the Ecumenical Temple
  7466 | Temple   | Became a worshipper of the Wu Jian Council
  8261 | D:6      | Reached skill level 7 in Unarmed Combat
  8477 | D:6      | Learned a level 2 spell: Ensorcelled Hibernation
  8835 | D:6      | Found Nufusch's Book Shoppe.
  8993 | D:7      | Noticed a hippogriff
  9019 | D:7      | Killed a hippogriff
  9610 | D:7      | Gained mutation: You are mostly covered in thin metallic
                  | scales. (AC +3) [demonic ancestry]
  9610 | D:7      | Reached XP level 9. HP: 66/69 MP: 8/12
  9746 | D:7      | Noticed a troll
  9774 | D:7      | Reached skill level 8 in Unarmed Combat
 10337 | D:7      | Found a shimmering altar of Xom.
 10337 | D:7      | Found a shimmering altar of Xom.
 10338 | D:7      | Found a shimmering altar of Xom.
 10338 | D:7      | Found a shimmering altar of Xom.
 10339 | D:7      | Found a shimmering altar of Xom.
 10340 | D:7      | Found a shimmering altar of Xom.
 10340 | D:7      | Found a shimmering altar of Xom.
 10341 | D:7      | Found a shimmering altar of Xom.
 10572 | D:7      | Reached * piety under Wu Jian
 11251 | D:7      | Reached skill level 9 in Unarmed Combat
 12456 | D:8      | Found a large runed translucent door.
 12456 | D:8      | Found a large runed translucent door.
 12471 | D:8      | Gained mutation: You have sharp toenails. [demonic
                  | ancestry]
 12471 | D:8      | Reached XP level 10. HP: 56/79 MP: 13/13
 12474 | D:8      | Noticed vishdafish's ghost (novice DsFi)
 13520 | D:9      | Found a staircase to the Orcish Mines.
 13524 | D:9      | Noticed Joseph
 14085 | D:9      | Reached skill level 10 in Unarmed Combat
 14161 | D:9      | Found a staircase to the Lair.
 14255 | D:9      | Slain by Joseph

Skill      XL: |  1  2  3  4  5  6  7  8  9 10 |
---------------+-------------------------------+-----
Unarmed Combat | 2 3 4 5 6 7 9 10 | 10.0
Charms         | 3 4 5 6 7 |  7.5
Fighting       | 3 4 5 6 7 |  7.9
Armour         | |  0.8
Dodging        | |  1.7
Spellcasting   | |  2.0

Action                   |  1- 3 |  4- 6 |  7- 9 | 10-12 || total
-------------------------+-------+-------+-------+-------++-------
Melee: Unarmed           |   109 |   369 |   584 |   104 ||  1166
       Punch             |       |     8 |    17 |       ||    25
       Kick              |       |       |       |    30 ||    30
Throw: Throwing net      |       |       |     2 |       ||     2
 Cast: Infusion          |    14 |    22 |    28 |     7 ||    71
       Shroud of Golubri |       |       |     2 |       ||     2
       Song of Slaying   |       |       |     2 |       ||     2
Invok: Lunge             |       |       |    24 |     8 ||    32
       Whirlwind         |       |       |    29 |     5 ||    34
Evoke: Wand              |       |       |     7 |       ||     7
  Use: Scroll            |     5 |     8 |     3 |     4 ||    20
       Potion            |     1 |     2 |     3 |       ||     6
 Stab: Sleeping          |     1 |     6 |    13 |     6 ||    26
       Distracted        |       |       |     2 |       ||     2
  Eat: Chunk             |     4 |    11 |    19 |     1 ||    35
       Ration            |       |       |     2 |     1 ||     3
Armor: Leather armour    |    44 |   121 |   151 |    19 ||   335
Dodge: Dodged            |    65 |   238 |   280 |    29 ||   612
